[Event "FIDE Open A - Konik"]
[Site "?"]
[Date "2013.04.29"]
[Round "1.8"]
[White "Zidek, Václav"]
[Black "Marek, Matyás"]
[Result "1-0"]
[ECO "D01"]
[WhiteElo "2190"]
[BlackElo "2004"]
[PlyCount "61"]
[EventDate "2013.??.??"]
[TimeControl "6000+935"]
[WhiteClock "0:02:04"]
[BlackClock "0:25:10"]

1. d4 Nf6 2. Nc3 d5 3. Bg5 Nbd7 4. Nf3 e6 5. e4 dxe4 6. Nxe4 Be7 7. Nxf6+ Bxf6
8. Qd2 Bxg5 9. Nxg5 Nf6 10. O-O-O Bd7 11. Bc4 O-O 12. Rhe1 b5 13. Bd3 Bc6 14.
Qf4 Rb8 15. Nf3 Bd5 16. Ne5 c5 17. dxc5 Qa5 18. Re3 Qa4 19. Qxa4 bxa4 20. g4
Rfc8 21. g5 Ne8 22. Ba6 Rc7 23. c4 Ba8 24. Nd7 Rb4 25. Kc2 Bc6 26. Kc3 Rxc4+
27. Kxc4 Bxd7 28. Rxd7 Rxd7 29. Bb5 Rd8 30. Bxe8 Rxe8 31. c6 1-0

[Event "FIDE Open A - Konik"]
[Site "?"]
[Date "2013.04.29"]
[Round "1.9"]
[White "Ling, Bronislav"]
[Black "Potomák, Vladimír"]
[Result "0-1"]
[ECO "B40"]
[WhiteElo "2003"]
[BlackElo "2187"]
[PlyCount "56"]
[EventDate "2013.??.??"]
[TimeControl "6000+665"]
[WhiteClock "0:14:01"]
[BlackClock "0:38:52"]

1. e4 c5 2. Nf3 e6 3. b3 a6 4. Bb2 Nc6 5. d4 cxd4 6. Nxd4 Qf6 7. c3 Bc5 8. Qd2
Nge7 9. Na3 d5 10. exd5 exd5 11. Nac2 Bg4 12. Bd3 Ne5 13. Be2 Qg6 14. O-O Bxd4
15. cxd4 Nf3+ 16. Bxf3 Bxf3 17. g3 O-O 18. Ba3 Rfe8 19. Rfe1 Nf5 20. Qf4 Be4
21. Ne3 Nxd4 22. Kf1 Qh5 23. h4 Bd3+ 24. Kg2 Re4 25. Qg5 Qf3+ 26. Kg1 h6 27.
Qxd5 Rxe3 28. Qxd4 Be4 0-1

[Event "FIDE Open A - Konik"]
[Site "?"]
[Date "2013.04.29"]
[Round "1.10"]
[White "Mrva, Vladimir"]
[Black "Maltsev, Leonid"]
[Result "1-0"]
[ECO "B40"]
[WhiteElo "2185"]
[BlackElo "1989"]
[PlyCount "83"]
[EventDate "2013.??.??"]
[TimeControl "6000+1090"]
[WhiteClock "0:00:48"]
[BlackClock "0:01:09"]

1. e4 c5 2. Nf3 e6 3. c4 Nc6 4. d4 cxd4 5. Nxd4 Nf6 6. Nc3 a6 7. Nxc6 dxc6 8.
Qxd8+ Kxd8 9. e5 Ng4 10. Bf4 f6 11. exf6 gxf6 12. h3 Nh6 13. O-O-O+ Ke7 14. Bc7
Nf7 15. Na4 Bh6+ 16. Kc2 b5 17. Nb6 Ra7 18. Nxc8+ Rxc8 19. Bb6 Rb7 20. Bc5+ Ke8
21. Be2 Ne5 22. Bh5+ Ng6 23. b3 bxc4 24. bxc4 Rcb8 25. Rb1 Rxb1 26. Rxb1 Rxb1
27. Kxb1 Kd7 28. Kc2 Nf4 29. Bf3 f5 30. Be3 e5 31. g3 Ne6 32. Bxc6+ Kxc6 33.
Bxh6 f4 34. gxf4 exf4 35. Kd3 Kc5 36. a3 a5 37. f3 a4 38. h4 Kc6 39. Bg5 Nxg5
40. hxg5 Kc5 41. Kc3 Kd6 42. Kb4 1-0

[Event "FIDE Open A - Konik"]
[Site "?"]
[Date "2013.04.29"]
[Round "1.11"]
[White "Stehlík, Jiri"]
[Black "Veselý, Martin"]
[Result "1/2-1/2"]
[ECO "A05"]
[WhiteElo "1981"]
[BlackElo "2178"]
[PlyCount "69"]
[EventDate "2013.??.??"]
[TimeControl "6000+630"]
[WhiteClock "0:23:05"]
[BlackClock "0:03:19"]

1. Nf3 Nf6 2. Nc3 d5 3. d4 Bf5 4. Bf4 e6 5. a3 Be7 6. h3 O-O 7. e3 c6 8. Bd3
Qb6 9. Rb1 Nbd7 10. Bxf5 exf5 11. O-O Ne4 12. Nxe4 fxe4 13. Ne5 Nxe5 14. Bxe5
f6 15. Bg3 Qb5 16. c3 Qa5 17. Qe2 b5 18. f3 Qd8 19. fxe4 dxe4 20. Qg4 Qd5 21.
Qf5 g6 22. Qxd5+ cxd5 23. Ra1 Rac8 24. Be1 Rb8 25. Rf2 f5 26. Re2 g5 27. g3 Kg7
28. Bd2 Bd6 29. Rg2 Rf7 30. b4 Bc7 31. a4 a5 32. Be1 axb4 33. cxb4 bxa4 34.
Rxa4 Bd6 35. Ra5 1/2-1/2

[Event "FIDE Open A - Konik"]
[Site "?"]
[Date "2013.04.29"]
[Round "1.12"]
[White "Kozák, Milos"]
[Black "Závesický, Petr"]
[Result "1-0"]
[ECO "D25"]
[WhiteElo "2175"]
[BlackElo "1978"]
[PlyCount "73"]
[EventDate "2013.??.??"]
[TimeControl "6000+1160"]
[WhiteClock "0:36:38"]
[BlackClock "0:13:23"]

1. d4 d5 2. c4 dxc4 3. Nf3 Nf6 4. e3 Bg4 5. Bxc4 e6 6. h3 Bh5 7. g4 Bg6 8. Ne5
Nbd7 9. Nxg6 hxg6 10. Bf1 c5 11. Bg2 Qc7 12. Nc3 Rd8 13. Qf3 cxd4 14. exd4 Bb4
15. O-O Bxc3 16. bxc3 Nd5 17. Bd2 O-O 18. Rfb1 N7b6 19. Bf1 Rc8 20. Rb5 Nc4 21.
Bxc4 Qxc4 22. Rxb7 Nxc3 23. Bxc3 Qxc3 24. Qxc3 Rxc3 25. Rxa7 Rd8 26. Rb1 Rf3
27. Rb4 Rxh3 28. Kg2 Rd3 29. Rbb7 R8xd4 30. Rxf7 Rxg4+ 31. Kf1 Rd2 32. Rxg7+
Kf8 33. Rgb7 Ke8 34. Rh7 Rf4 35. Rh8+ Rf8 36. Ra8+ Rd8 37. Rxf8+ 1-0

[Event "FIDE Open A - Konik"]
[Site "?"]
[Date "2013.04.29"]
[Round "1.13"]
[White "Nowak, Maciej"]
[Black "Taus, Martin"]
[Result "0-1"]
[ECO "A56"]
[WhiteElo "1975"]
[BlackElo "2169"]
[PlyCount "108"]
[EventDate "2013.??.??"]
[TimeControl "6000+960"]
[WhiteClock "0:29:51"]
[BlackClock "0:13:23"]

1. d4 Nf6 2. c4 c5 3. Nf3 cxd4 4. Nxd4 e5 5. Nc2 d5 6. cxd5 Qxd5 7. Qxd5 Nxd5
8. e4 Nb4 9. Nxb4 Bxb4+ 10. Bd2 Nc6 11. Bb5 Bd7 12. Bxc6 Bxd2+ 13. Kxd2 Bxc6
14. Nc3 O-O-O+ 15. Ke2 Rd4 16. f3 Rhd8 17. Rhd1 Kc7 18. Rac1 Kb6 19. Rxd4 Rxd4
20. Rc2 Rd7 21. Ke3 g6 22. g3 f6 23. h4 Ka5 24. f4 Kb6 25. fxe5 fxe5 26. Rf2
Kc5 27. Rf6 Kc4 28. Nd5 Bxd5 29. exd5 Kxd5 30. Rf8 Ke6 31. Ke4 Rd2 32. Re8+ Kf6
33. Rf8+ Ke6 34. Re8+ Kf7 35. Rxe5 Rxb2 36. Rc5 h5 37. Ke5 Re2+ 38. Kf4 Kf6 39.
a4 Rb2 40. Rc4 a5 41. Rc7 Rb4+ 42. Kf3 Rxa4 43. Rxb7 Rg4 44. Rb6+ Ke7 45. Rb5
a4 46. Rd5 Ke6 47. Rd8 Ke5 48. Rd7 Rb4 49. Rg7 a3 50. Re7+ Kd4 51. Ra7 Rb3+ 52.
Kf4 Kc3 53. Kg5 Kb2 54. Kxg6 Rb5 0-1

[Event "FIDE Open A - Konik"]
[Site "?"]
[Date "2013.04.29"]
[Round "1.14"]
[White "Kapusta, Petr"]
[Black "Kondula, Lukás"]
[Result "1-0"]
[ECO "C63"]
[WhiteElo "2165"]
[BlackElo "1968"]
[PlyCount "79"]
[EventDate "2013.??.??"]
[TimeControl "6000+695"]
[WhiteClock "0:13:50"]
[BlackClock "0:12:48"]

1. e4 e5 2. Nf3 Nc6 3. Bb5 f5 4. Nc3 Nf6 5. O-O Bc5 6. Qe2 Nd4 7. Nxd4 Bxd4 8.
d3 c6 9. Bc4 d6 10. Bg5 f4 11. Qd2 h6 12. Bxf6 Qxf6 13. Ne2 f3 14. Nxd4 exd4
15. Qd1 Bg4 16. Re1 Bh5 17. Qd2 Qg6 18. g3 Qg4 19. Kh1 Qh3 20. Rg1 Rf8 21. Qa5
Kd7 22. Rae1 b6 23. Qb4 c5 24. Qa4+ Kc7 25. Bd5 Be8 26. Qb3 Bc6 27. Bxc6 Kxc6
28. Qd5+ Kc7 29. e5 Rad8 30. exd6+ Rxd6 31. Re7+ Rd7 32. Qe5+ Kc8 33. Qxg7 Rfd8
34. Rxd7 Qxd7 35. Qxd7+ Kxd7 36. Re1 Re8 37. Rxe8 Kxe8 38. h3 Ke7 39. Kh2 b5
40. g4 1-0

[Event "FIDE Open A - Konik"]
[Site "?"]
[Date "2013.04.29"]
[Round "1.16"]
[White "Bartos, Jan"]
[Black "Vícha, Martin"]
[Result "1-0"]
[ECO "D10"]
[WhiteElo "2160"]
[BlackElo "1888"]
[PlyCount "65"]
[EventDate "2013.??.??"]
[TimeControl "6000+665"]
[WhiteClock "0:47:18"]
[BlackClock "0:29:01"]

1. d4 d5 2. c4 c6 3. e3 Nf6 4. Nc3 g6 5. Nf3 Bg7 6. Be2 O-O 7. O-O e6 8. Qc2
Nbd7 9. Rd1 Re8 10. b4 dxc4 11. Bxc4 Nd5 12. Rb1 N7b6 13. Bf1 Qe7 14. b5 Nxc3
15. Qxc3 Bd7 16. Ba3 Qd8 17. Ne5 cxb5 18. Nxd7 Nxd7 19. Bxb5 a6 20. Be2 b5 21.
Qc6 Rc8 22. Qb7 Nb8 23. Rbc1 Rxc1 24. Rxc1 Bf8 25. Bxf8 Rxf8 26. Rc7 Qd6 27. g3
Kg7 28. Bd1 Kg8 29. Bb3 Kg7 30. e4 Kg8 31. e5 Qxd4 32. Bxe6 Qxe5 33. Rxf7 1-0

[Event "FIDE Open A - Konik"]
[Site "?"]
[Date "2013.04.29"]
[Round "1.1"]
[White "Chromík, Tomás"]
[Black "Blahynka, Martin"]
[Result "1/2-1/2"]
[ECO "A57"]
[WhiteElo "1885"]
[BlackElo "2155"]
[PlyCount "30"]
[EventDate "2013.??.??"]
[TimeControl "6000+1465"]
[WhiteClock "0:27:12"]
[BlackClock "0:22:04"]

1. d4 Nf6 2. c4 c5 3. d5 b5 4. Nd2 bxc4 5. e4 c3 6. bxc3 d6 7. Rb1 g6 8. f4 Bg7
9. Ngf3 Ng4 10. Qb3 Ne3 11. Bb5+ Bd7 12. g3 O-O 13. Bb2 a6 14. Be2 a5 15. Qb7
Na6 1/2-1/2

[Event "FIDE Open A - Konik"]
[Site "?"]
[Date "2013.04.29"]
[Round "1.2"]
[White "Krouzel, Jaroslav"]
[Black "Miculka, David"]
[Result "1-0"]
[ECO "E73"]
[WhiteElo "2153"]
[BlackElo "1877"]
[PlyCount "61"]
[EventDate "2013.??.??"]
[TimeControl "6000+665"]
[WhiteClock "0:15:43"]
[BlackClock "0:10:19"]

1. d4 Nf6 2. c4 g6 3. Nc3 Bg7 4. e4 d6 5. Be2 O-O 6. Bg5 Nbd7 7. f4 c5 8. d5 a6
9. a4 Re8 10. Nf3 Qc7 11. O-O Nf8 12. Qd2 Bg4 13. h3 Bxf3 14. Bxf3 e6 15. f5
exf5 16. exf5 N8d7 17. Qf4 Rf8 18. Rae1 Ne5 19. Qh4 Ned7 20. Re7 Rae8 21. Rfe1
Qd8 22. Rxe8 Rxe8 23. Ne4 Rxe4 24. Bxe4 Qf8 25. fxg6 fxg6 26. Bc2 Nh5 27. Be7
Qf7 28. Bxd6 Bd4+ 29. Kh2 Bf2 30. Qd8+ Nf8 31. Re8 1-0

[Event "FIDE Open A - Konik"]
[Site "?"]
[Date "2013.04.29"]
[Round "1.3"]
[White "Kula, Dominik"]
[Black "Bures, Martin"]
[Result "1-0"]
[ECO "B03"]
[WhiteElo "1854"]
[BlackElo "2147"]
[PlyCount "57"]
[EventDate "2013.??.??"]
[TimeControl "6000+750"]
[WhiteClock "0:43:32"]
[BlackClock "0:04:45"]

1. e4 Nf6 2. e5 Nd5 3. d4 d6 4. Bc4 Nb6 5. Bb3 dxe5 6. Qh5 e6 7. dxe5 Nc6 8.
Nf3 g6 9. Qg4 a5 10. Nc3 h5 11. Qe4 h4 12. Be3 Bh6 13. Bxb6 cxb6 14. Nb5 h3 15.
Nd6+ Kf8 16. Rd1 hxg2 17. Rg1 Qe7 18. Rxg2 Rb8 19. Kf1 Bd7 20. Ba4 Nb4 21. Nxf7
Bxa4 22. Nxh8 Bxc2 23. Qxg6 Bxg6 24. Nxg6+ Kf7 25. Nxe7 Kxe7 26. Rg6 Rf8 27.
Rxh6 Rxf3 28. Rh7+ Ke8 29. Rd6 1-0

[Event "FIDE Open A - Konik"]
[Site "?"]
[Date "2013.04.29"]
[Round "2.1"]
[White "Krejci, Jan"]
[Black "Orzechowski, Jacek"]
[Result "1-0"]
[ECO "E62"]
[WhiteElo "2491"]
[BlackElo "2219"]
[PlyCount "83"]
[EventDate "2013.??.??"]
[TimeControl "6000+805"]
[WhiteClock "0:47:10"]
[BlackClock "0:00:54"]

1. d4 Nf6 2. c4 g6 3. Nc3 Bg7 4. Nf3 O-O 5. g3 d6 6. Bg2 c6 7. O-O Qa5 8. h3
Be6 9. Qd3 Qa6 10. b3 d5 11. Nd2 Rd8 12. Bb2 Nbd7 13. e4 dxc4 14. Qe2 Nb6 15.
e5 Nfd7 16. Nce4 cxb3 17. Qxa6 bxa6 18. axb3 Rac8 19. Rxa6 c5 20. Ba3 cxd4 21.
Bxe7 Re8 22. Bf6 Bxf6 23. exf6 Rc2 24. Rxa7 Nd5 25. Nf3 N7xf6 26. Nxd4 Rb2 27.
Nd6 Rb8 28. Nc4 R2xb3 29. Nxb3 Rxb3 30. Ne5 Rb2 31. Rc1 h6 32. Nc6 Nb4 33. Nd8
Nd3 34. Rc3 Rb1+ 35. Kh2 Nxf2 36. Nxe6 N6g4+ 37. hxg4 Nxg4+ 38. Kh3 Nf2+ 39.
Kh4 Rb4+ 40. Nf4 g5+ 41. Kh5 gxf4 42. gxf4 1-0

[Event "FIDE Open A - Konik"]
[Site "?"]
[Date "2013.04.29"]
[Round "2.2"]
[White "Minko, Vladimir"]
[Black "Plát, Vojtech"]
[Result "1/2-1/2"]
[ECO "D07"]
[WhiteElo "2252"]
[BlackElo "2463"]
[PlyCount "160"]
[EventDate "2013.??.??"]
[TimeControl "6000+1455"]
[WhiteClock "0:07:31"]
[BlackClock "0:02:24"]

1. d4 d5 2. c4 Nc6 3. cxd5 Qxd5 4. e3 e5 5. Nc3 Bb4 6. Bd2 Bxc3 7. bxc3 Nf6 8.
f3 exd4 9. cxd4 O-O 10. Bd3 Bf5 11. Bxf5 Qxf5 12. Ne2 Qd3 13. Qb1 Qa6 14. a4
Qc4 15. Qb5 Qe6 16. O-O a6 17. Qb2 Rfe8 18. Rac1 Nd8 19. Nf4 Qd7 20. a5 Rc8 21.
Nd3 c6 22. Nc5 Qe7 23. e4 Nd7 24. Nd3 Qf6 25. d5 Qxb2 26. Nxb2 f5 27. exf5 Re5
28. dxc6 Rxc6 29. Rcd1 Rxf5 30. Bb4 Rf7 31. Rfe1 Ne6 32. Rd6 Rxd6 33. Bxd6 Ndf8
34. Nc4 Rd7 35. f4 g6 36. g3 Ng7 37. g4 Nfe6 38. Kf2 Nd4 39. Re7 Rxe7 40. Bxe7
Kf7 41. Bc5 Nb5 42. Bb6 Ke6 43. Kf3 Ne8 44. Ne3 Ned6 45. Bc5 Nf7 46. Bb6 Nbd6
47. Bc7 Nb5 48. Bb6 Kd6 49. h4 Nc3 50. f5 gxf5 51. Nxf5+ Ke6 52. Ng7+ Ke5 53.
Nf5 Kd5 54. Ne3+ Ke6 55. Bd4 Nb5 56. Bb6 Ne5+ 57. Kg3 Nd7 58. Bd8 Ne5 59. Bb6
Kf7 60. Nd5 Nc4 61. g5 Ke6 62. Nf4+ Kf5 63. Nd5 Ke5 64. Nb4 Nxb6 65. axb6 Nd6
66. Kg4 a5 67. Nd3+ Kd4 68. Nb2 Kc3 69. Na4+ Kb4 70. Nb2 a4 71. h5 a3 72. Nd3+
Kc4 73. Nc1 Kd5 74. g6 hxg6 75. hxg6 Ke6 76. Kf4 Nc4 77. Ke4 Nxb6 78. Kd4 Nd7
79. Kc4 Ne5+ 80. Kb3 Nxg6 1/2-1/2

[Event "FIDE Open A - Konik"]
[Site "?"]
[Date "2013.04.29"]
[Round "2.3"]
[White "Simantsev, Mikhail"]
[Black "Zidek, Václav"]
[Result "1-0"]
[ECO "E14"]
[WhiteElo "2449"]
[BlackElo "2190"]
[PlyCount "107"]
[EventDate "2013.??.??"]
[TimeControl "6000+1305"]
[WhiteClock "0:29:48"]
[BlackClock "0:12:55"]

1. d4 Nf6 2. c4 e6 3. Nf3 b6 4. e3 Bb7 5. Bd3 c5 6. O-O Be7 7. Nc3 d5 8. cxd5
Nxd5 9. Bb5+ Bc6 10. Qa4 Bxb5 11. Qxb5+ Qd7 12. Nxd5 exd5 13. Qe2 Nc6 14. dxc5
bxc5 15. Rd1 O-O 16. b3 Bf6 17. Bb2 Bxb2 18. Qxb2 Rac8 19. Rac1 Ne7 20. Qa3 Qc7
21. Rc2 c4 22. Rdc1 Qd7 23. bxc4 dxc4 24. Ne5 Qe6 25. Nxc4 Rfd8 26. Nd2 Qd7 27.
Nf1 Rxc2 28. Rxc2 h6 29. Rd2 Qc7 30. Rxd8+ Qxd8 31. Qxa7 Nc6 32. Qc5 Qa8 33.
Qd5 Qa4 34. Qd7 Qc4 35. h3 g6 36. a3 h5 37. Nd2 Qc2 38. Nf3 Qb1+ 39. Kh2 Qb8+
40. g3 Ne5 41. Nxe5 Qxe5 42. Qd8+ Kh7 43. Qd4 Qf5 44. Kg2 Qa5 45. a4 Qa6 46. h4
Qa5 47. e4 Qe1 48. Qd5 Kg7 49. a5 Qe2 50. Qc6 f5 51. exf5 gxf5 52. a6 f4 53. a7
fxg3 54. Qf3 1-0

[Event "FIDE Open A - Konik"]
[Site "?"]
[Date "2013.04.29"]
[Round "2.4"]
[White "Kociscák, Jiri"]
[Black "Mrva, Vladimir"]
[Result "1/2-1/2"]
[ECO "E39"]
[WhiteElo "2424"]
[BlackElo "2185"]
[PlyCount "46"]
[EventDate "2013.??.??"]
[TimeControl "6000+2095"]
[WhiteClock "0:13:07"]
[BlackClock "0:13:31"]

1. d4 Nf6 2. c4 e6 3. Nc3 Bb4 4. Qc2 c5 5. dxc5 O-O 6. a3 Bxc5 7. Nf3 d5 8. Bg5
dxc4 9. e4 Be7 10. Rd1 Qc7 11. e5 Nd5 12. Bxe7 Nxe7 13. Qe4 Bd7 14. Nd4 a6 15.
f4 Ra7 16. h4 b5 17. h5 Bc6 18. Nxc6 Nbxc6 19. h6 g6 20. Qe3 Rd8 21. Be2 Rxd1+
22. Bxd1 Qd8 23. Bf3 Qd4 1/2-1/2

[Event "FIDE Open A - Konik"]
[Site "?"]
[Date "2013.04.29"]
[Round "2.5"]
[White "Berzinsh, Roland"]
[Black "Kozák, Milos"]
[Result "1/2-1/2"]
[ECO "B10"]
[WhiteElo "2411"]
[BlackElo "2175"]
[PlyCount "107"]
[EventDate "2013.??.??"]
[TimeControl "6000+990"]
[WhiteClock "0:37:32"]
[BlackClock "0:21:43"]

1. e4 c6 2. c4 d5 3. exd5 cxd5 4. cxd5 Nf6 5. Bb5+ Nbd7 6. Nc3 a6 7. Be2 b5 8.
d4 b4 9. Na4 Nxd5 10. Bf3 Bb7 11. Ne2 e6 12. O-O Be7 13. Nf4 O-O 14. Nxd5 Bxd5
15. Bxd5 exd5 16. Bf4 Re8 17. Rc1 Rc8 18. Qd3 Qa5 19. b3 Nf8 20. Be5 Ne6 21. h3
Bf8 22. Rfd1 Qb5 23. Qxb5 axb5 24. Rxc8 Rxc8 25. Nb6 Rd8 26. Rc1 f6 27. Bc7 Re8
28. Nxd5 Nxd4 29. Kf1 Ra8 30. Bb6 Ne6 31. Rc6 Ng5 32. Rc2 Ne4 33. Ke2 Nc3+ 34.
Nxc3 bxc3 35. Rxc3 Rxa2+ 36. Kd3 Bb4 37. Rc8+ Kf7 38. Rb8 Rb2 39. Bd4 Rxb3+ 40.
Kc2 Ra3 41. Rxb5 Be7 42. Rb7 Ra8 43. f4 Ke8 44. Kd3 Rd8 45. Ke4 Rd7 46. Rxd7
Kxd7 47. Kd5 Bd6 48. f5 Bg3 49. Bc5 Be5 50. g4 Bg3 51. Bd4 Ke7 52. Bc5+ Kf7 53.
Bd6 Be1 54. Ba3 1/2-1/2

[Event "FIDE Open A - Konik"]
[Site "?"]
[Date "2013.04.29"]
[Round "2.6"]
[White "Kufa, Pavel"]
[Black "Hausner, Ivan"]
[Result "1/2-1/2"]
[ECO "B07"]
[WhiteElo "2214"]
[BlackElo "2395"]
[PlyCount "83"]
[EventDate "2013.??.??"]
[TimeControl "6000+985"]
[WhiteClock "0:02:23"]
[BlackClock "1:11:23"]

1. e4 d6 2. d4 Nf6 3. Nc3 c6 4. f4 Qa5 5. Bd2 e5 6. Nf3 Bg4 7. Nd5 Qd8 8. Nxf6+
Qxf6 9. dxe5 dxe5 10. fxe5 Qg6 11. Bd3 Nd7 12. Bc3 Bc5 13. Qe2 Qh6 14. Bd2 Qh5
15. Bf4 Bd4 16. O-O-O Bxe5 17. Bxe5 Nxe5 18. Rhf1 O-O 19. h3 Bxf3 20. gxf3 Rad8
21. Qg2 Rd6 22. f4 Nxd3+ 23. Rxd3 Rxd3 24. cxd3 Rd8 25. Qf3 Qc5+ 26. Kb1 Qd4
27. Rd1 a5 28. f5 f6 29. Qg3 c5 30. Rc1 b5 31. Rc3 c4 32. e5 fxe5 33. f6 Rd7
34. a4 Qf4 35. dxc4 Qxg3 36. Rxg3 bxc4 37. fxg7 e4 38. Kc2 Rxg7 39. Re3 Re7 40.
Kc3 Kf7 41. Kd4 Rb7 42. Rxe4 1/2-1/2

[Event "FIDE Open A - Konik"]
[Site "?"]
[Date "2013.04.29"]
[Round "2.7"]
[White "Plischki, Sebastian"]
[Black "Kapusta, Petr"]
[Result "1-0"]
[ECO "E85"]
[WhiteElo "2389"]
[BlackElo "2165"]
[PlyCount "67"]
[EventDate "2013.??.??"]
[TimeControl "6000+1105"]
[WhiteClock "0:22:52"]
[BlackClock "0:04:05"]

1. d4 Nf6 2. c4 g6 3. Nc3 Bg7 4. e4 d6 5. f3 O-O 6. Be3 e5 7. Nge2 Nc6 8. d5
Ne7 9. Qd2 c6 10. g4 cxd5 11. cxd5 Bd7 12. Ng3 a6 13. h4 b5 14. h5 b4 15. Nd1
a5 16. Bh6 Rc8 17. Be2 Qb6 18. Bxg7 Kxg7 19. Ne3 Rc5 20. Nc4 Qc7 21. hxg6 fxg6
22. Nxe5 dxe5 23. d6 Qd8 24. Qh6+ Kh8 25. dxe7 Qxe7 26. Qxg6 Rc2 27. g5 Be8 28.
gxf6 Rxf6 29. Rxh7+ Qxh7 30. Qxf6+ Kg8 31. Qg5+ Kf8 32. Rc1 Rxc1+ 33. Qxc1 Qh4
34. Qc5+ 1-0

[Event "FIDE Open A - Konik"]
[Site "?"]
[Date "2013.04.29"]
[Round "2.8"]
[White "Dolezal, Radoslav"]
[Black "Bartos, Jan"]
[Result "1/2-1/2"]
[ECO "E14"]
[WhiteElo "2358"]
[BlackElo "2160"]
[PlyCount "23"]
[EventDate "2013.??.??"]
[TimeControl "6000+130"]
[WhiteClock "1:27:35"]
[BlackClock "1:32:35"]

1. d4 Nf6 2. Nf3 e6 3. c4 b6 4. e3 d5 5. Nc3 Bb7 6. cxd5 exd5 7. Bd3 Bd6 8. O-O
O-O 9. Nb5 Be7 10. Nc3 Bd6 11. Nb5 Be7 12. Nc3 1/2-1/2

[Event "FIDE Open A - Konik"]
[Site "?"]
[Date "2013.04.29"]
[Round "2.9"]
[White "Potomák, Vladimír"]
[Black "Michenka, Jozef"]
[Result "1/2-1/2"]
[ECO "D58"]
[WhiteElo "2187"]
[BlackElo "2355"]
[PlyCount "63"]
[EventDate "2013.??.??"]
[TimeControl "6000+2605"]
[WhiteClock "0:42:14"]
[BlackClock "0:03:41"]

1. c4 Nf6 2. d4 e6 3. Nf3 d5 4. Bg5 Be7 5. Nc3 O-O 6. e3 h6 7. Bh4 b6 8. Be2
dxc4 9. Bxc4 Bb7 10. O-O Nbd7 11. Qe2 Ne4 12. Bg3 Ndf6 13. Rac1 Nxc3 14. Rxc3
Ne4 15. Rc2 Nxg3 16. hxg3 Be4 17. Bd3 Bxd3 18. Qxd3 c5 19. Rd1 a5 20. Qe2 Qc7
21. Ne5 Rfd8 22. b3 Bd6 23. Nd3 Qd7 24. dxc5 Bxc5 25. Nb2 Qb7 26. Na4 Rxd1+ 27.
Qxd1 Bb4 28. Qd4 b5 29. Nb6 Rb8 30. Nd7 Rc8 31. Rxc8+ Qxc8 32. Qd3 1/2-1/2

[Event "FIDE Open A - Konik"]
[Site "?"]
[Date "2013.04.29"]
[Round "2.10"]
[White "Zabystrzan, Pavel"]
[Black "Krouzel, Jaroslav"]
[Result "1/2-1/2"]
[ECO "A04"]
[WhiteElo "2308"]
[BlackElo "2153"]
[PlyCount "47"]
[EventDate "2013.??.??"]
[TimeControl "6000+930"]
[WhiteClock "0:12:47"]
[BlackClock "0:19:08"]

1. Nf3 f5 2. d4 Nf6 3. g3 d6 4. b3 g6 5. Bb2 Bg7 6. Bg2 O-O 7. O-O Ne4 8. Nfd2
Nxd2 9. Qxd2 Nc6 10. c4 Qe8 11. Na3 a6 12. Nc2 e5 13. dxe5 dxe5 14. Nb4 Nxb4
15. Qxb4 Rb8 16. Rad1 Rf7 17. Bd5 Be6 18. Bxe6 Qxe6 19. Rd5 f4 20. Rfd1 Rbf8
21. Qe1 fxg3 22. fxg3 Qh3 23. Rd8 Bh6 24. Bc1 1/2-1/2

[Event "FIDE Open A - Konik"]
[Site "?"]
[Date "2013.04.29"]
[Round "2.11"]
[White "Taus, Martin"]
[Black "Kutynec, Vladimir"]
[Result "0-1"]
[ECO "A01"]
[WhiteElo "2169"]
[BlackElo "2290"]
[PlyCount "136"]
[EventDate "2013.??.??"]
[TimeControl "6000+1075"]
[WhiteClock "0:04:36"]
[BlackClock "0:03:56"]

1. b3 c5 2. Nf3 Nc6 3. e3 Nf6 4. Bb2 g6 5. d4 cxd4 6. Nxd4 Bg7 7. Be2 Qa5+ 8.
Nd2 Nxd4 9. Bxd4 e5 10. b4 Qc7 11. Bb2 d5 12. Nf3 Ne4 13. Qxd5 Nc3 14. Qc4 Qxc4
15. Bxc4 e4 16. Nd4 Na4 17. Bb5+ Bd7 18. Bxa4 Bxa4 19. c4 a5 20. b5 Rc8 21. Rc1
O-O 22. O-O Rfd8 23. Bc3 Rxc4 24. Bxa5 Rdc8 25. Bd2 Bxd4 26. exd4 Bxb5 27. Rxc4
Bxc4 28. Rc1 b5 29. a3 Rd8 30. Be3 Ra8 31. Rc3 f5 32. f3 Kf7 33. Kf2 Ke6 34.
Kg3 Kd5 35. Kh4 f4 36. Bxf4 Kxd4 37. Re3 Bd3 38. fxe4 Rxa3 39. e5 Ra6 40. Re1
Re6 41. Bc1 Kc3 42. g4 b4 43. Kg5 b3 44. Kh6 b2 45. Bxb2+ Kxb2 46. Kxh7 Kc3 47.
Kh6 Kd2 48. Ra1 Ke3 49. h4 Kf4 50. Ra4+ Be4 51. h5 g5+ 52. Kg7 Kxe5 53. Ra5+
Kf4 54. Kf7 Re5 55. Ra4 Kxg4 56. h6 Rf5+ 57. Ke6 Rf4 58. Ke5 Bg6 59. Ra6 Kh5
60. Ra1 Kxh6 61. Rh1+ Rh4 62. Rg1 Kh5 63. Kf6 Rf4+ 64. Kg7 Rf7+ 65. Kg8 g4 66.
Ra1 g3 67. Ra5+ Rf5 68. Ra2 Bf7+ 0-1

[Event "FIDE Open A - Konik"]
[Site "?"]
[Date "2013.04.29"]
[Round "2.12"]
[White "Jaworski, Miroslaw"]
[Black "Dostál, Radim"]
[Result "1/2-1/2"]
[ECO "A67"]
[WhiteElo "2286"]
[BlackElo "2036"]
[PlyCount "108"]
[EventDate "2013.??.??"]
[TimeControl "6000+2145"]
[WhiteClock "0:10:36"]
[BlackClock "0:11:58"]

1. d4 Nf6 2. c4 c5 3. d5 e6 4. Nc3 exd5 5. cxd5 d6 6. e4 g6 7. f4 Bg7 8. Bb5+
Nbd7 9. e5 dxe5 10. fxe5 Nh5 11. e6 Qh4+ 12. g3 Nxg3 13. hxg3 Qxh1 14. Be3
Bxc3+ 15. bxc3 Qe4 16. Qf3 Qxf3 17. Nxf3 fxe6 18. dxe6 a6 19. exd7+ Bxd7 20.
Bxd7+ Kxd7 21. Bxc5 Kc6 22. Bd4 Rae8+ 23. Kd2 Rhf8 24. Ne5+ Kd6 25. Nc4+ Kd5
26. Nb6+ Kc6 27. a4 Rf3 28. Rg1 h5 29. Nc4 Kd5 30. Ne3+ Ke4 31. Ng2 Rd8 32.
Re1+ Kd5 33. Nf4+ Kc4 34. Kc2 Rxg3 35. Re7 Rc8 36. Rxb7 a5 37. Rg7 g5 38. Ne6
Rg2+ 39. Kc1 g4 40. Rg5 Re8 41. Rc5+ Kb3 42. Re5 Ka3 43. Bc5+ Kxa4 44. Re4+ Kb3
45. Nd4+ Kxc3 46. Nb5+ Kd3 47. Rxe8 Kc4 48. Re5 Kxb5 49. Rxh5 a4 50. Rg5 Kc4
51. Bd6 Kb3 52. Kd1 a3 53. Bxa3 Kxa3 54. Ke1 Kb3 1/2-1/2

[Event "FIDE Open A - Konik"]
[Site "?"]
[Date "2013.04.29"]
[Round "2.13"]
[White "Slanina, Miroslav"]
[Black "Firt, Stanislav"]
[Result "1/2-1/2"]
[ECO "A80"]
[WhiteElo "2162"]
[BlackElo "2260"]
[PlyCount "76"]
[EventDate "2013.??.??"]
[TimeControl "6000+850"]
[WhiteClock "0:01:45"]
[BlackClock "0:37:28"]

1. d4 f5 2. Nf3 Nf6 3. Bf4 d6 4. e3 c6 5. Bc4 e6 6. c3 a5 7. a4 Na6 8. Nbd2 Be7
9. h3 Nc7 10. Qc2 O-O 11. O-O Kh8 12. Bh2 Nce8 13. Bd3 d5 14. Ne5 Nd6 15. f3
Qe8 16. g4 b5 17. b3 Nf7 18. Rf2 Nxe5 19. Bxe5 bxa4 20. Rxa4 Nd7 21. Bg3 Nb6
22. Ra1 c5 23. Kg2 Bd7 24. Bc7 Nc8 25. Rxa5 Rxa5 26. Bxa5 e5 27. Bc7 e4 28.
fxe4 fxg4 29. Rxf8+ Bxf8 30. hxg4 Bxg4 31. Nf1 dxe4 32. Bxe4 Nd6 33. Bxd6 Bxd6
34. Bf5 Qh5 35. Bxg4 Qxg4+ 36. Kf2 h5 37. Qe2 Qh4+ 38. Kg2 Qg5+ {Kg1 Qh4 e4 g5}
1/2-1/2

[Event "FIDE Open A - Konik"]
[Site "?"]
[Date "2013.04.29"]
[Round "2.14"]
[White "Furman, Boris"]
[Black "Kula, Dominik"]
[Result "1/2-1/2"]
[ECO "D32"]
[WhiteElo "2223"]
[BlackElo "1854"]
[PlyCount "83"]
[EventDate "2013.??.??"]
[TimeControl "6000+930"]
[WhiteClock "0:08:07"]
[BlackClock "0:15:06"]

1. d4 d5 2. c4 e6 3. Nc3 c5 4. cxd5 cxd4 5. Qa4+ Bd7 6. Qxd4 exd5 7. Qxd5 Nc6
8. Nf3 Nf6 9. Qd1 Bc5 10. e3 Qe7 11. Be2 O-O-O 12. O-O g5 13. b4 Bb6 14. b5 Ne5
15. Nd4 g4 16. Qb3 Rdg8 17. Ba3 Qd8 18. Rfc1 Kb8 19. Bd6+ Bc7 20. Bxc7+ Qxc7
21. b6 Qxb6 22. Qxb6 axb6 23. Rab1 Rc8 24. Rc2 Nc6 25. Ncb5 Nxd4 26. Rxc8+ Rxc8
27. Nxd4 Nd5 28. Kf1 Ka7 29. Ke1 Nc3 30. Rc1 Rc5 31. Nb3 Nxe2 32. Kxe2 Rxc1 33.
Nxc1 Ka6 34. Kd2 Bc6 35. g3 Kb5 36. Kc3 Ka4 37. Kb2 Be4 38. Nb3 Kb4 39. Nd2 f5
40. a3+ Kc5 41. Kc3 Bd5 42. Nb1 1/2-1/2